 Dungeon Crawl Stone Soup version 0.32-a0-468-g38b2580584 (webtiles) character file.

Game seed: 9923669183547494900

155190 cforsyth the Warrior (level 17, -10/234 HPs)
             Began as a Coglin Gladiator on Feb 24, 2024.
             Was an Initiate of Gozag.
             Mangled by a salamander
             ... wielding a +3 trident
              (16 damage)
             ... on level 4 of the Snake Pit.
             The game lasted 01:06:35 (42336 turns).

cforsyth the Warrior (Coglin Gladiator)            Turns: 42336, Time: 01:06:37

Health: -10/234    AC: 28    Str: 20      XL:     17   Next: 64%
Magic:  17/17      EV: -1    Int:  7 (8)  God:    Gozag
Gold:   6548       SH:  0    Dex: 18      Spells: 16/16 levels left

rFire   + . .        t - +7 Throatcutter {drain, coup de grace}
rCold   + . .        f - +2 war axe (elec) {Belshunu}
rNeg    . . .        J - melded +10 plate armour of Quantum Leap {Str+3 Stlth+}
rPois   +            q - melded +2 helmet
rElec   +            i - melded +0 cloak
rCorr   +            U - melded +2 pair of gloves {hurl}
SInv    .            n - melded +0 pair of boots
Will    +....        y - amulet of the acrobat
Stlth   ++           (no ring)
HPRegen 0.59/turn    (no ring)
MPRegen 0.15/turn

%: acrobat
@: mighty, brilliant, lethally poisoned (-10 -> -19), tree-form, resistant, gold
aura, hasted and slowed, constricted, invisible, revved
A: stationary, stasis, torment immunity, boosted hp, (cold resistance 1), (fire
resistance 1), off-hand wielding, slow wielding, warmup strikes, (no rings),
deterioration 1, sense surroundings 1, subdued magic 1
a: End Transformation, Renounce Religion, Potion Petition, Call Merchant, Bribe
Branch


You were on level 4 of the Snake Pit.
You worshipped Gozag.
Gozag was greatly pleased with you.
You were a tree.
You visited 5 branches of the dungeon, and saw 27 of its levels.

You collected 9301 gold pieces.
You spent 1372 gold pieces at shops.
You paid 1381 gold pieces to Gozag.


Innate Abilities, Weirdness & Mutations

You are a tree.
Your roots penetrate the ground, keeping you stationary.
You cannot be teleported.
You are immune to unholy pain and torment.
Your maximum health is greatly increased.
Your equipment is partially melded.
((Your flesh is cold resistant. (rC+)))
((Your flesh is heat resistant. (rF+)))
You can wield a second weapon in your off-hand.
It takes a long time for you to wield or remove held weapons.
Your first few attacks do less damage.
((Your grasper-arms cannot wear rings.))
Your body sometimes deteriorates upon taking damage.
You passively map a small area around you.
Your spells are a little easier to cast, but a little less powerful.


   Skills:
 + Level 20.3 Fighting
 - Level 0.9 Long Blades
 + Level 13.1 Axes
 - Level 1.7 Throwing
 - Level 16.6 Armour
 + Level 9.4 Dodging


You had 16 spell levels left.
You didn't know any spells.
Your spell library contained the following spells:

 Spells                   Type           Power      Damage    Failure   Level
 Apportation              Tloc           0%         N/A       38%         1
 Freeze                   Ice            0%         1d3       38%         1
 Magic Dart               Conj           0%         1d3       38%         1
 Necrotise                Necr           0%         1d4       38%         1
 Sting                    Conj/Alch      0%         1d3       38%         1
 Summon Small Mammal      Summ           0%         N/A       38%         1
 Blink                    Tloc           0%         N/A       52%         2
 Call Imp                 Summ           0%         N/A       52%         2
 Cigotuvi's Dreadful Rot  Necr/Alch/Air  0%         N/A       52%         2
 Mercury Vapours          Alch/Air       0%         N/A       52%         2
 Scorch                   Fire           0%         2d5       52%         2
 Static Discharge         Conj/Air       0%         3-3/arc   52%         2
 Call Canine Familiar     Summ           0%         N/A       77%         3
 Frozen Ramparts          Ice            0%         1d1       77%         3
 Fugue of the Fallen      Necr           0%         N/A       77%         3
 Hailstorm                Conj/Ice       0%         3d5       77%         3
 Inner Flame              Hex/Fire       0%         N/A       77%         3
 Ozocubu's Armour         Ice            0%         N/A       77%         3
 Sigil of Binding         Hex            0%         N/A       77%         3
 Airstrike                Air            0%         2d(0-16)  99%         4
 Dimensional Bullseye     Hex/Tloc       0%         N/A       99%         4
 Dispel Undead            Necr           0%         3d6       99%         4
 Flame Wave               Conj/Fire      0%         2d4       99%         4
 Manifold Assault         Tloc           0%         N/A       99%         4
 Martyr's Knell           Necr/Summ      0%         N/A       99%         4
 Olgreb's Toxic Radiance  Alch           0%         N/A       99%         4
 Sticky Flame             Fire/Alch      0%         2d4       99%         4
 Summon Blazeheart Golem  Fire/Summ      0%         N/A       99%         4
 Summon Lightning Spire   Summ/Air       0%         N/A       99%         4
 Summon Forest            Summ/Tloc      0%         N/A       100%        5
 Conjure Ball Lightning   Conj/Air       0%         3x3d6     100%        6
 Death Channel            Necr           0%         N/A       100%        6
 Summon Cactus Giant      Summ           0%         N/A       100%        6
 Summon Hydra             Summ           0%         N/A       100%        7
 Discord                  Hex            0%         N/A       100%        8
 Disjunction              Tloc           0%         N/A       100%        8
 Summon Horrible Things   Summ           0%         N/A       100%        8

Inventory:

Hand Weapons
 f - a +2 war axe of electrocution (offhand) {Belshunu}
 g - a +2 vampiric whip {Mei}
 t - the +7 Throatcutter (weapon) {drain, coup de grace}
   (You found it on level 4 of the Dungeon)
 I - the +6 shillelagh "Devastator" {shatter}
   (You found it on level 5 of the Dungeon)
Missiles
 d - 5 throwing nets (quivered) {=f}
 e - 11 javelins
Armour
 i - a +0 cloak (melded)
 n - a +0 pair of boots (melded)
 q - a +2 helmet (melded)
 B - a +1 helmet of intelligence
 F - the +0 helmet "Istraobol" {Str+2 Dex+5}
   (You bought it in a shop on level 2 of the Orcish Mines)

   Str+2:     It affects your strength (+2).
   Dex+5:     It affects your dexterity (+5).
 J - the +10 plate armour of Quantum Leap (melded) {Str+3 Stlth+}
   (You bought it in a shop on level 12 of the Dungeon)

   Str+3:     It affects your strength (+3).
   Stlth+:    It makes you more stealthy.
 L - a +2 cloak of poison resistance
 U - a +2 pair of gloves of hurling (melded)
Jewellery
 y - an amulet of the acrobat (around neck)
 M - an amulet of guardian spirit
Wands
 h - a wand of digging (6)
 k - a wand of roots (3)
 o - a wand of paralysis (27)
 w - a wand of quicksilver (6)
 G - a wand of flame (40)
 R - a wand of mindburst (7)
Scrolls
 b - 10 scrolls of revelation
 j - 7 scrolls of poison
 l - 9 scrolls of teleportation {@r2}
 m - 3 scrolls of enchant weapon
 p - 5 scrolls of fear
 r - 4 scrolls of enchant armour
 u - 7 scrolls of amnesia
 v - a scroll of brand weapon
 x - 2 scrolls of silence {!r}
 z - 2 scrolls of butterflies
 C - 5 scrolls of fog
 D - 2 scrolls of vulnerability
 E - 6 scrolls of noise
 K - 6 scrolls of immolation
 Q - 3 scrolls of blinking
Potions
 a - a potion of curing {@q1}
 c - 2 potions of brilliance
 s - 2 potions of haste {@q3}
 A - 4 potions of enlightenment
 H - a potion of invisibility
 N - a potion of cancellation
 O - a potion of attraction
 P - a potion of ambrosia
 S - a potion of resistance
 T - 2 potions of mutation

Dungeon Overview and Level Annotations

Branches:
Dungeon (15/15)            Temple (1/1) D:7            Lair (5/5) D:8
 Shoals (0/4) Lair:3        Snake (4/4) Lair:2        Slime (0/5) Lair:4
    Orc (2/2) D:12            Elf (0/3) Orc:2        Vaults (0/5) D:14
 Depths (0/4) D:15

Altars:
Ashenzari
Cheibriados
Dithmenos
Elyvilon
Fedhas
Gozag
Hepliaklqana
Kikubaaqudgha
Makhleb
Nemelex Xobeh
Okawaru
Qazlal
Sif Muna
Trog
Uskayaw
Vehumet
Wu Jian
Xom
Yredelemnul
Zin
The Shining One
Beogh
Jiyva

Shops:
D:2 [   D:12 [![   D:13 *   D:15 =   Orc:2 *[=(   Snake:2 [:?:[   Snake:3 =::

Portals:
Trove: D:11 (show abyssal rune of Zot)

Annotations:
D:9 3 runed translucent doors, ojifijod's ghost, journeyman CoCK

..####N.....##
, , , *
#.......# , ,,
, * #......##
* , * #......#
* , * *
##.N..## * ,
###)..## * **
#### ##....##
*
##.N###....##
#N♣N......##
###.$.....###
#...$N...##
#........#
#.......##
#....####
######


You could see 2 salamanders, a naga mage (catching breath) and a naga (curare).


Message History

The salamander hits you from afar with a +3 spear!
* * * LOW HITPOINT WARNING * * *
You are engulfed in flames!
You resist.
* * * LOW HITPOINT WARNING * * *
Unknown command.
Unknown command.
Unknown command.
Use which ability? (? or * to list)
Okay, then.
Use which ability? (? or * to list) [a] - 600 gold - lignification, might, resistance and invisibility [b] - 312 gold - brilliance and magic [c] - 676 gold - might, brilliance, resistance and invisibility Purchase which effect?
You turn into a tree.
Your +0 cloak melds into your body.
Your +2 helmet melds into your body.
Your +2 pair of gloves of hurling melds into your body.
Your +0 pair of boots melds into your body.
The +10 plate armour of Quantum Leap {Str+3 Stlth+} melds into your body.
Your aim is not that steady anymore.
Your roots penetrate the ground.
You feel very mighty all of a sudden.
You feel protected.
You fade into invisibility!
* * * LOW HITPOINT WARNING * * *
You feel very sick. The naga mage hits you with a +0 spear.
* * * LOW HITPOINT WARNING * * *
The naga mage constricts you. The naga hits you but does no damage.
The salamander hits you with a +3 trident!
You die...
Your body crumbles into a pile of gold.

Skill      XL: |  1  2  3  4  5  6  7  8  9 10 11 12 13 14 15 16 17 |
---------------+----------------------------------------------------+-----
Armour         | 1 3 4 5 7 8 10 12 13 14 15 16 | 16.6
Fighting       | 3 4 5 6 8 9 11 13 14 16 17 18 19 20 | 20.3
Axes           | 4 7 8 10 12 13 | 13.1
Dodging        | 5 7 9 |  9.4
Long Blades    | |  0.9
Throwing       | |  1.7

Action                     |  1- 3 |  4- 6 |  7- 9 | 10-12 | 13-15 | 16-18 || total
---------------------------+-------+-------+-------+-------+-------+-------++-------
  Melee: War axe           |    44 |    68 |       |       |   229 |   547 ||   888
         Whip              |    28 |    72 |   112 |    86 |       |       ||   298
         Long sword        |       |     8 |   133 |   303 |   718 |   570 ||  1732
         Shillelagh        |       |       |       |   196 |   469 |       ||   665
 Invoke: Potion Petition   |       |       |       |       |       |     3 ||     3
  Evoke: Wand              |       |       |     2 |     6 |     6 |    19 ||    33
    Use: Scroll            |       |       |     8 |     1 |     5 |     7 ||    21
         Potion            |       |       |     3 |     6 |     6 |    10 ||    25
   Stab: Distracted        |       |       |       |     2 |     3 |     8 ||    13
 Armour: Leather armour    |    22 |       |       |       |       |       ||    22
         Chain mail        |       |    49 |   171 |   458 |       |       ||   678
         Plate armour      |       |       |       |   113 |  1529 |   733 ||  2375
         Skin              |       |       |       |       |       |     3 ||     3
  Dodge: Dodged            |    24 |    29 |    85 |   226 |   616 |   480 ||  1460

Levels and vault maps discovered:
D:1:      heliophobic_arrival_dark_side_of_the_moon, layout_loops_ring,
          serial_rivers, chequers_serial_rivers_large_b,
          chequers_serial_rivers_micro_a, chequers_serial_rivers_room_a,
          chequers_serial_rivers_small_b, chequers_serial_rivers_small_b
D:2:      layout_loops_ring, serial_shops, shop, uniq_sigmund, uniq_natasha
D:3:      layout_loops_cross, nicolae_ecumenical_snake_handling
D:4:      layout_loops_cross
D:5:      layout_gridville, dilly_guarded_unrand_devastator
D:6:      layout_loops_corners
D:7:      layout_basic, kennysheep_mini, minmay_temple_entry_wispy,
          corexii_corridor_pit, kennysheep_generic_room_4
D:8:      layout_loops_corners, david_lair_shrubbed, uniq_joseph
D:9:      layout_long_grid, nicolae_overflow_two_pavilions, xom_confusion_cloud,
          nicolae_overflow_hidden_temple, gammafunk_ghost_nasty_kobolds,
          serial_bayou_pond_e
D:10:     layout_basic, grunt_ministairs_1
D:11:     layout_basic, nicolae_trove_entry_columns
D:12:     layout_rooms, orc_0_dummy, serial_shops, shop,
          nicolae_shop_industrial_runoff, shop, uniq_josephine, uniq_nergalle
D:13:     bobbens_index_wilting_gardens, layout_stronghold,
          statue_in_the_mist_lemuel, nicolae_shop_overcharged_wands
D:14:     layout_basic, hellmonk_vaults_attempted_burglary,
          good_gods_mini_temple
D:15:     gammafunk_enter_depths_forms, layout_long_grid, serial_shops, shop,
          grunt_decor_clamped, minmay_fractal_squares_gapless_7
Temple:   eino_temple_scatter_basement
Lair:1:   cheibrodos_lair_river_kwai, layout_layer_cave, uniq_jeremiah
Lair:2:   layout_gridlike, nicolae_snake_entry_squirm,
          eino_small_chamber_without_monster, pdpol_lair_cavern_descent,
          lemuel_fruit_fields, serial_bayou_shore_b, lemuel_fruit_fields
Lair:3:   layout_gridlike, minmay_shoals_entry_beasts,
          kennysheep_basilisk_garden, grunt_megastairs_2
Lair:4:   layout_small_grid, nicolae_slime_entry_field_trip, lemuel_fruit_tree,
          lemuel_fruit_fields
Lair:5:   minmay_lair_end_frog_pond, layout_concentric_octagons,
          serial_bayou_shore_b, uniq_urug, uniq_rupert
Snake:1:  layout_basic
Snake:2:  layout_misc_corridors, serial_shops, nicolae_shop_rolling_square,
          minmay_shoptagon
Snake:3:  layout_gridlike, grunt_megastairs_5, minmay_shop_grove,
          serial_bayou_shore_b
Snake:4:  minmay_snake_end_coiled, layout_onion, serial_library_hellmonk_room_b
Orc:1:    layout_caves, lightli_church_of_beogh, uniq_fannar, uniq_harold,
          uniq_maurice
Orc:2:    st_orc_congregation, layout_caves, basic_altar, uniq_azrael,
          uniq_donald

Notes
Turn   | Place    | Note
-------+----------+-------------------------------------------
     0 | D:1      | cforsyth the Coglin Gladiator began the quest for the Orb.
     0 | D:1      | Reached XP level 1. HP: 16/16 MP: 1/1
   126 | D:1      | Reached XP level 2. HP: 17/22 MP: 2/2
   732 | D:1      | Reached skill level 1 in Armour
   852 | D:2      | Reached XP level 3. HP: 27/28 MP: 3/3
   913 | D:2      | Found Ydeun's Armour Shoppe.
   943 | D:2      | Noticed Natasha
   951 | D:2      | Killed Natasha
   952 | D:2      | Reached skill level 3 in Fighting
  1056 | D:2      | Reached XP level 4. HP: 35/35 MP: 4/4
  1082 | D:2      | Noticed Natasha
  1085 | D:2      | Reached skill level 2 in Armour
  1086 | D:2      | Killed Natasha
  1377 | D:2      | Noticed Sigmund
  1383 | D:2      | Killed Sigmund
  1384 | D:2      | Reached skill level 4 in Fighting
  1384 | D:2      | Reached skill level 3 in Armour
  1384 | D:2      | Reached XP level 5. HP: 36/43 MP: 5/5
  1384 | D:2      | Reached XP level 6. HP: 42/49 MP: 6/6
  1976 | D:3      | Reached skill level 5 in Fighting
  1990 | D:3      | Reached skill level 4 in Armour
  2036 | D:3      | Found a faded altar of an unknown god.
  2427 | D:4      | Found the +7 Throatcutter {drain, coup de grace}
  2698 | D:4      | Reached XP level 7. HP: 52/56 MP: 7/7
  3060 | D:5      | Entered Level 5 of the Dungeon
  3196 | D:5      | Found the +6 shillelagh "Devastator" {shatter}
  3283 | D:5      | Reached skill level 6 in Fighting
  3283 | D:5      | Reached skill level 5 in Armour
  3408 | D:5      | Reached XP level 8. HP: 65/65 MP: 8/8
  3868 | D:6      | Reached skill level 7 in Fighting
  3868 | D:6      | Reached skill level 6 in Armour
  4788 | D:7      | You fall into a shaft and drop 3 floors!
  4788 | D:10     | Entered Level 10 of the Dungeon
  4810 | D:10     | Noticed a wraith
  4833 | D:10     | Killed a wraith
  4834 | D:10     | Reached skill level 8 in Fighting
  4834 | D:10     | Reached skill level 7 in Armour
  4834 | D:10     | Reached XP level 9. HP: 60/74 MP: 9/9
  4887 | D:9      | Found a runed translucent gate.
  4929 | D:9      | Noticed a two-headed ogre
  4953 | D:9      | Killed a two-headed ogre
  4954 | D:9      | Reached skill level 9 in Fighting
  4954 | D:9      | Reached skill level 8 in Armour
  4978 | D:9      | Noticed a hornet
  4985 | D:9      | Killed a hornet
  5038 | D:9      | Noticed a hornet
  5050 | D:9      | Killed a hornet
  5060 | D:9      | Noticed a kobold demonologist
  5061 | D:9      | Noticed a kobold demonologist
  5064 | D:9      | Found a runed translucent gate.
  5064 | D:9      | Noticed a kobold demonologist
  5065 | D:9      | Found a runed translucent gate.
  5066 | D:9      | Noticed ojifijod's ghost (journeyman CoCK)
  5221 | D:9      | Found a shimmering altar of Xom.
  5322 | D:8      | Reached XP level 10. HP: 77/85 MP: 10/10
  5370 | D:8      | Reached skill level 10 in Fighting
  5480 | D:7      | Found a staircase to the Ecumenical Temple.
  5535 | Temple   | Entered the Ecumenical Temple
  5563 | Temple   | Became a worshipper of Gozag Ym Sagoz the Greedy
  5584 | D:7      | Reached skill level 9 in Armour
  5607 | D:7      | Identified the +1 ring mail "Xodetyim" {*Corrode rElec
                  | Int+5 Stlth+}
  6052 | D:7      | Found an ornate altar of the Wu Jian Council.
  6308 | D:8      | Noticed Joseph
  6442 | D:8      | Reached skill level 11 in Fighting
  6549 | D:8      | Identified the +1 ring mail "Dapseq" {Dex+4}
  6566 | D:8      | Reached skill level 10 in Armour
  6695 | D:8      | Found a staircase to the Lair.
  6993 | D:9      | Noticed an eight-headed hydra
  7005 | D:9      | HP: 6/88 [13-headed hydra (3)]
  7698 | D:9      | Reached XP level 11. HP: 55/95 MP: 11/11
  8349 | D:9      | Found a stormy altar of Qazlal.
  8349 | D:9      | Found an ancient bone altar of Kikubaaqudgha.
  8404 | D:9      | Killed a 13-headed hydra
  8405 | D:9      | Reached skill level 12 in Fighting
  8530 | D:10     | Reached skill level 11 in Armour
  8568 | D:10     | Found the +7 staff of the Meek {protect, meekguard}
  8584 | D:10     | Identified the +0 robe of the Enchanted Forest {rN+ Will+}
  9036 | D:11     | Noticed a cyclops
  9038 | D:11     | Killed a cyclops
  9065 | D:11     | Noticed a white ugly thing
  9074 | D:11     | Killed a white ugly thing
  9513 | D:11     | Noticed a two-headed ogre
  9520 | D:11     | Killed a two-headed ogre
  9521 | D:11     | Reached skill level 13 in Fighting
  9666 | D:11     | Found a portal to a secret trove of treasure.
  9912 | D:12     | Noticed Nergalle
  9924 | D:12     | Noticed a deep elf pyromancer
  9925 | D:12     | Killed Nergalle
  9926 | D:12     | Reached skill level 12 in Armour
  9936 | D:11     | HP: 2/89 [burnt (12)]
  9941 | D:11     | HP: 4/89 [burnt (11)]
  9943 | D:11     | Gained mutation: Armour fits poorly on your strangely
                  | shaped body. [potion of mutation]
 10236 | D:12     | Killed a deep elf pyromancer
 10304 | D:12     | Reached XP level 12. HP: 93/104 MP: 12/12
 10306 | D:12     | Found Toisolol's Antique Armour Emporium.
 10353 | D:12     | Found Sazisi's Distillery.
 10812 | D:12     | Noticed Josephine
 11247 | D:11     | Killed Josephine
 11354 | D:12     | Noticed a two-headed ogre
 11358 | D:12     | Killed a two-headed ogre
 11477 | D:12     | Reached skill level 14 in Fighting
 11549 | D:12     | Found a staircase to the Orcish Mines.
 11550 | D:12     | Found Guorot's Armour Shoppe.
 11739 | D:12     | Bought a scorched plate armour for 868 gold pieces
 11739 | D:12     | Identified the +10 plate armour of Quantum Leap {Str+3
                  | Stlth+} (You bought it in a shop on level 12 of the
                  | Dungeon)
 11757 | D:13     | Noticed a centaur warrior
 11762 | D:13     | Killed a centaur warrior
 11763 | D:13     | Noticed a centaur warrior
 11771 | D:13     | Killed a centaur warrior
 11772 | D:13     | Reached skill level 13 in Armour
 11912 | D:13     | Noticed a centaur warrior
 11920 | D:13     | Killed a centaur warrior
 12256 | D:8      | Killed Joseph
 12421 | Lair:1   | Entered Level 1 of the Lair of Beasts
 12578 | Lair:1   | Noticed a catoblepas
 12589 | Lair:1   | Killed a catoblepas
 12618 | Lair:1   | Reached skill level 4 in Axes
 12800 | Lair:1   | Gained mutation: Your flesh is cold resistant. (rC+)
                  | [Coglin growth]
 12800 | Lair:1   | Gained mutation: Your flesh is heat resistant. (rF+)
                  | [Coglin growth]
 12800 | Lair:1   | Reached XP level 13. HP: 100/114 MP: 13/13
 12871 | Lair:1   | Reached skill level 15 in Fighting
 13169 | Lair:1   | Paralysed by a hornet for 3 turns
 13179 | Lair:1   | Reached skill level 5 in Axes
 13957 | Lair:1   | Noticed Jeremiah
 14206 | Lair:1   | Killed Jeremiah
 14926 | Lair:2   | Reached skill level 14 in Armour
 14937 | Lair:2   | Reached skill level 6 in Axes
 16045 | Lair:2   | Found a staircase to the Snake Pit.
 16051 | Lair:2   | Reached skill level 7 in Axes
 16491 | Orc:1    | Entered Level 1 of the Orcish Mines
 16764 | Orc:2    | Entered Level 2 of the Orcish Mines
 16896 | Orc:2    | Noticed Donald
 16971 | Orc:2    | Lost mutation: Armour fits poorly on your strangely shaped
                  | body. [potion of mutation]
 16971 | Orc:2    | Gained mutation: You have hidden genetic defects. [potion
                  | of mutation]
 16971 | Orc:2    | Gained mutation: You passively map a small area around you.
                  | [potion of mutation]
 18311 | Orc:1    | Reached skill level 16 in Fighting
 18508 | Orc:1    | Reached XP level 14. HP: 106/125 MP: 14/14
 18727 | Orc:1    | Gained mutation: Your spells are a little easier to cast,
                  | but a little less powerful. [hidden defects]
 19246 | Orc:1    | Reached skill level 8 in Axes
 19856 | Orc:2    | Killed Donald
 20197 | Orc:2    | Found a staircase to the Elven Halls.
 20310 | Orc:2    | Noticed Azrael
 20684 | Orc:2    | Noticed an orc warlord
 20694 | Orc:1    | HP: 12/126 [fire elemental[Azrael] (3)]
 20698 | Orc:1    | Killed an orc warlord
 20702 | Orc:1    | Reached skill level 15 in Armour
 20722 | Orc:1    | Gained mutation: Your body sometimes deteriorates upon
                  | taking damage. [hidden defects]
 20722 | Orc:1    | Lost mutation: You have hidden genetic defects. [hidden
                  | defects expressed]
 20939 | Orc:2    | Killed Azrael
 21001 | Orc:2    | Found a burning altar of Makhleb.
 21115 | Orc:2    | Paralysed by an orc sorcerer for 4 turns
 21197 | Orc:2    | Found Lunwibri's Antique Armour Shop.
 21198 | Orc:2    | Found Buriyr's Antique Weapon Boutique.
 21200 | Orc:2    | Found Hiypp's General Store.
 21200 | Orc:2    | Found Gutood's Jewellery Shop.
 21215 | Orc:2    | Bought a brightly glowing helmet for 304 gold pieces
 21215 | Orc:2    | Identified the +0 helmet "Istraobol" {Str+2 Dex+5} (You
                  | bought it in a shop on level 2 of the Orcish Mines)
 21283 | Orc:1    | Noticed Harold
 21295 | Orc:2    | Killed Harold
 21654 | Orc:1    | Noticed Maurice
 21661 | Orc:1    | Maurice stole an amulet of guardian spirit
 21662 | Orc:1    | Killed Maurice
 21864 | Orc:1    | Found a roughly hewn altar of Beogh.
 21926 | Orc:1    | Noticed Fannar
 21943 | Orc:2    | Killed Fannar
 22515 | D:13     | Reached skill level 17 in Fighting
 22928 | D:13     | Found Lotuutub's Overcharged Wands.
 23711 | D:13     | HP: 10/128 [freezing wraith (8)]
 24116 | D:13     | Reached XP level 15. HP: 119/133 MP: 15/15
 24204 | D:13     | Reached skill level 16 in Armour
 24222 | D:13     | Identified the +7 spear of Ybleaf {venom, Will- Int+3 Dex+5
                  | Stlth+}
 25229 | D:13     | Got the Atlas of Bringing Forth
 26918 | Lair:3   | Reached skill level 18 in Fighting
 27494 | Lair:3   | Found a staircase to the Shoals.
 27827 | Lair:4   | Reached skill level 9 in Axes
 27950 | Lair:4   | Reached skill level 3 in Dodging
 30011 | D:14     | Found a gate to the Vaults.
 30068 | D:14     | Reached skill level 4 in Dodging
 30514 | D:14     | Found a white marble altar of Elyvilon.
 30514 | D:14     | Found a glowing golden altar of the Shining One.
 30514 | D:14     | Found a glowing silver altar of Zin.
 30644 | D:15     | Entered Level 15 of the Dungeon
 31426 | D:15     | Reached skill level 10 in Axes
 31442 | D:15     | Reached skill level 5 in Dodging
 31442 | D:15     | Reached XP level 16. HP: 108/145 MP: 16/16
 32287 | D:15     | Found Deuguz's Jewellery Shop.
 32447 | D:15     | Reached skill level 19 in Fighting
 32526 | D:15     | Found a staircase to the Depths.
 32939 | Lair:4   | Found a staircase to the Slime Pits.
 32945 | Lair:4   | Found a viscous altar of Jiyva.
 33043 | Lair:4   | Reached skill level 6 in Dodging
 33618 | Lair:5   | Entered Level 5 of the Lair of Beasts
 33728 | Lair:5   | Reached skill level 11 in Axes
 33737 | Lair:5   | Noticed Urug
 33899 | Lair:4   | Killed Urug
 34160 | Snake:1  | Entered Level 1 of the Snake Pit
 35159 | Snake:2  | Reached skill level 7 in Dodging
 36138 | Snake:2  | Found Roxoc's Book Boutique.
 36145 | Snake:2  | Found Ihycojeu's Book Shop.
 36145 | Snake:2  | Found Seomol's Antique Armour Boutique.
 36500 | Snake:2  | Found Jerhaodgh's Magic Scroll Shop.
 36773 | Snake:2  | Bought a scroll of revelation for 120 gold pieces
 36773 | Snake:2  | Bought a scroll of immolation for 64 gold pieces
 36773 | Snake:2  | Bought a scroll of noise for 16 gold pieces
 36804 | Snake:2  | Noticed a nagaraja
 36838 | Snake:1  | HP: 11/147 [poisoned by a nagaraja (splash of poison)]
 36839 | Snake:1  | Identified 2 potions of resistance
 36839 | Snake:1  | HP: 3/147 [poisoned by a nagaraja (splash of poison)]
 37242 | Snake:2  | Killed a nagaraja
 37751 | Snake:2  | Found Amparrat's Antique Armour Shop.
 38079 | Snake:2  | Noticed a nagaraja
 38096 | Snake:2  | Killed a nagaraja
 38104 | Snake:2  | Reached skill level 12 in Axes
 38104 | Snake:2  | Reached XP level 17. HP: 108/154 MP: 17/17
 38279 | Snake:2  | Reached skill level 8 in Dodging
 39739 | Snake:3  | Found Dotuirim's Book Emporium.
 39740 | Snake:3  | Found Koed's Jewellery Shop.
 39741 | Snake:3  | Found Giduutom's Book Emporium.
 39842 | Snake:3  | Reached skill level 20 in Fighting
 40712 | Snake:3  | Reached skill level 9 in Dodging
 41449 | Snake:3  | Reached skill level 13 in Axes
 42227 | Snake:4  | Entered Level 4 of the Snake Pit
 42335 | Snake:4  | HP: 14/156 [salamander/+3 spear (10)]
 42336 | Snake:4  | HP: 6/234 [naga mage/+0 spear (3)]
 42336 | Snake:4  | Mangled by a salamander

Vanquished Creatures
  Donald (Orc:2)
  3 nagarajas
  An orc warlord (Orc:1)
  A very ugly thing (D:15)
  A deep elf annihilator (D:14)
  Azrael (Orc:2)
  Josephine (D:11)
  4 hydras
  Fannar (Orc:2)
  Harold (Orc:2)
  A great orb of eyes (D:15)
  3 anacondas (Snake:3)
  2 catoblepae
  A salamander tyrant (Snake:3)
  2 ogre magi (D:15)
  11 centaur warriors
  3 boulder beetles
  10 naga warriors
  8 two-headed ogres
  Urug (Lair:4)
  11 naga sharpshooters
  3 orc high priests (Orc:1)
  5 shock serpents
  Nergalle (D:12)
  4 salamander mystics
  A skyshark (Lair:4)
  3 skeletal warriors (D:13)
  A goliath frog (Lair:5)
  6 mana vipers
  4 necromancers (D:13)
  A phantasmal warrior (D:13)
  4 harpies (D:13)
  4 deep elf pyromancers
  11 ugly things
  4 orc knights
  A deep elf zephyrmancer (D:15)
  A wolf spider (D:13)
  5 orc sorcerers
  6 cyclopes
  A cyclops (shapeshifter) (D:15)
  2 manticores
  Joseph (D:8)
  Maurice (Orc:1)
  6 meliai (D:13)
  12 elephants (Lair:2)
  4 kobold blastminers
  17 salamanders
  26 black mambas
  3 gargoyles (D:13)
  4 guardian serpents
  17 naga magi
  2 torpor snails (Lair:2)
  15 cane toads
  Jeremiah (Lair:1)
  4 komodo dragons
  8 freezing wraiths
  4 rime drakes
  3 trolls
  A troll (shapeshifter) (D:15)
  2 polar bears (Lair:2)
  A wind drake (Lair:3)
  3 hornets
  4 harpy zombies (D:13)
  18 blink frogs
  A blink frog (shapeshifter) (D:15)
  16 slime creatures
  A jumping spider (shapeshifter) (D:14)
  A shadow (D:11)
  5 water elementals
  Sigmund (D:2)
  4 wyverns
  59 yaks
  8 vampires
  6 wraiths
  3 fire elementals (Orc:1)
  A steam dragon (D:9)
  8 basilisks
  A redback (D:13)
  3 acid dragons
  8 vampire mosquitoes
  41 nagas
  12 water moccasins
  4 hell hounds
  37 orc warriors
  5 black bears
  2 laughing skulls (D:13)
  2 ice beasts
  22 wolves
  17 centaurs
  10 ogres
  3 kobold brigands
  2 phantoms
  5 scorpions
  17 bullfrogs
  A wight (D:9)
  18 killer bees
  5 howler monkeys (D:8)
  13 electric eels
  A bombardier beetle (D:3)
  6 jellies
  22 orc priests
  2 hounds
  A sleepcap (D:6)
  A gnoll bouda (D:9)
  Natasha (twice) (D:2)
  3 iguanas
  28 orc wizards
  4 adders
  2 white imps
  8 ufetubi
  A dart slug (D:3)
  72 orcs
  4 bats
  3 endoplasms
  3 giant cockroaches
  5 hobgoblins
  19 kobolds
  4 quokkas
  12 ball pythons
  2 goblins
  3 rats
843 creatures vanquished.

Vanquished Creatures (others)
  A howler monkey (D:9)
  2 orc wizards (D:9)
3 creatures vanquished.

Grand Total: 846 creatures vanquished

Table legend: (Time is in decaauts)
 A = Elapsed time spent in this place.
 B = Non-inter-level travel time spent in this place.
 C = Inter-level travel time spent in this place.
 D = Time resting spent in this place.
 E = Time spent auto-exploring this place.
 F = Levels seen in this place.
 G = Mean time per level.
                   A        B        C        D        E       F      G
               +--------+--------+--------+--------+--------+-----+--------+
         Total |  42938 |  39802 |   3136 |  10560 |  22829 |  27 | 1590.3 |
       Dungeon |  20942 |  18542 |   2400 |   3051 |  12463 |  15 | 1396.1 |
        Temple |     46 |     28 |     18 |      0 |      0 |   1 |   46.0 |
          Lair |   7684 |   7267 |    417 |   1126 |   4989 |   5 | 1536.8 |
     Snake Pit |   8260 |   8171 |     89 |   3015 |   3903 |   4 | 2065.0 |
  Orcish Mines |   6004 |   5794 |    210 |   3368 |   1473 |   2 | 3002.0 |
               +--------+--------+--------+--------+--------+-----+--------+

Top non-repeatable levels by time:
   Orc:1: 4738 daAuts
    D:13: 4535 daAuts
 Snake:3: 3228 daAuts
 Snake:2: 3115 daAuts
  Lair:2: 2535 daAuts
  Lair:1: 2325 daAuts
    D:11: 2201 daAuts
    D:15: 1996 daAuts
 Snake:1: 1854 daAuts
     D:9: 1827 daAuts
     D:8: 1721 daAuts
  Lair:3: 1385 daAuts
   Orc:2: 1265 daAuts
    D:14: 1231 daAuts
  Lair:4: 1146 daAuts

Table legend:
 A = Non-vault XP
 B = Vault XP
 C = Vault XP percentage of total XP
 D = Non-vault monster count
 E = Vault monster count
 F = Vault count percentage of total count
                 A         B        C        D         E       F
            +---------+---------+-------+---------+---------+-------
      Total |  150426 |   71274 |  32.1 |     587 |     256 |  30.4
            +---------+---------+-------+---------+---------+-------
        D:1 |      20 |       0 |   0.0 |      13 |       0 |   0.0
        D:2 |      66 |     249 |  79.0 |      13 |       2 |  13.3
        D:3 |     180 |      16 |   8.2 |      21 |       3 |  12.5
        D:4 |     188 |       0 |   0.0 |       7 |       0 |   0.0
        D:5 |     442 |     116 |  20.8 |       9 |       1 |  10.0
        D:6 |     982 |       0 |   0.0 |      24 |       0 |   0.0
        D:7 |     906 |      36 |   3.8 |      16 |       1 |   5.9
        D:8 |    2033 |    1046 |  34.0 |      26 |       3 |  10.3
        D:9 |    3543 |    1475 |  29.4 |      31 |       8 |  20.5
       D:10 |    1166 |     461 |  28.3 |      12 |       3 |  20.0
       D:11 |    4880 |    1787 |  26.8 |      26 |       5 |  16.1
       D:12 |    3093 |     773 |  20.0 |       9 |       1 |  10.0
       D:13 |    4474 |   21089 |  82.5 |      11 |      44 |  80.0
       D:14 |   10089 |    1038 |   9.3 |      25 |       1 |   3.8
       D:15 |   11466 |    8323 |  42.1 |      24 |      14 |  36.8
     Lair:1 |    3775 |    2761 |  42.2 |      15 |       7 |  31.8
     Lair:2 |   13039 |    5614 |  30.1 |      47 |      22 |  31.9
     Lair:3 |    7147 |    2251 |  24.0 |      31 |       9 |  22.5
     Lair:4 |    8369 |     962 |  10.3 |      34 |       5 |  12.8
     Lair:5 |    1592 |    4201 |  72.5 |       8 |      19 |  70.4
    Snake:1 |    7699 |       0 |   0.0 |      20 |       0 |   0.0
    Snake:2 |   23679 |       0 |   0.0 |      46 |       0 |   0.0
    Snake:3 |   34251 |    1871 |   5.2 |      64 |       6 |   8.6
    Snake:4 |     629 |       0 |   0.0 |       2 |       0 |   0.0
      Orc:1 |    3300 |    9534 |  74.3 |      31 |      60 |  65.9
      Orc:2 |    3418 |    7671 |  69.2 |      22 |      42 |  65.6
            +---------+---------+-------+---------+---------+-------
